 Dungeon Crawl Stone Soup version 0.31-a0-466-g98c9adc2b6 (webtiles) character file.

Game seed: 10362938432005236888

3426 arthad the Firebug (level 9, -5/65 HPs)
             Began as a Demonspawn Fire Elementalist on Aug 5, 2023.
             Was a Follower of Vehumet.
             Slain by a wight
             ... wielding a +5 great sword of freezing
              (19 damage)
             ... on level 8 of the Dungeon.
             The game lasted 00:28:05 (7386 turns).

arthad the Firebug (Demonspawn Fire Elementalist)   Turns: 7386, Time: 00:28:06

Health: -5/65      AC:  3    Str:  9    XL:     9   Next: 76%
Magic:  13/18      EV: 13    Int: 21    God:    Vehumet [*.....]
Gold:   24         SH:  0    Dex: 13    Spells: 13/20 levels left

rFire   + .          .
                       - Unarmed
rCold   . . .        (no shield)
rNeg    . . .        a - +0 robe
rPois   .            (helmet restricted)
rElec   .            C - +0 cloak
rCorr   .            (no gloves)
SInv    .            (no boots)
Will    .....        D - amulet of magic regeneration
Stlth   +++          p - ring of protection from fire
HPRegen 0.30/turn    (no ring)
MPRegen 0.72/turn

%: no passive effects
@: about to teleport
A: antennae 2, claws 2, magic regeneration
a: Renounce Religion


You were on level 8 of the Dungeon.
You worshipped Vehumet.
Vehumet was aware of your devotion.
You visited 2 branches of the dungeon, and saw 9 of its levels.

You collected 384 gold pieces.
You spent 360 gold pieces at shops.

Inventory:

Missiles
 o - 30 poisoned darts
Armour
 a - a +0 robe (worn)
 C - a +0 cloak (worn)
Magical Staves
 f - a staff of cold
Jewellery
 p - a ring of protection from fire (left claw)
 D - an amulet of magic regeneration (around neck)
Wands
 z - a wand of polymorph (8)
 A - a wand of iceblast (9)
 B - a wand of flame (22)
Scrolls
 c - a scroll of enchant armour {unknown}
 d - 3 scrolls of poison {unknown}
 e - 2 scrolls of vulnerability {unknown}
 h - 6 scrolls of identify {unknown}
 i - 4 scrolls of amnesia {unknown}
 m - a scroll of noise {unknown}
 q - 5 scrolls of teleportation
 t - a scroll of revelation {unknown}
 v - 2 scrolls of fog {unknown}
 w - 2 scrolls of blinking {unknown}
 x - 3 scrolls of immolation {unknown}
 y - 5 scrolls of fear {unknown}
Potions
 b - a potion of magic
 g - a potion of enlightenment {unknown}
 j - 6 potions of curing
 k - a potion of cancellation {unknown}
 l - 4 potions of heal wounds
 n - a potion of haste {unknown}
 r - a potion of might {unknown}
 s - a potion of attraction {unknown}
 u - a potion of degeneration {unknown}


   Skills:
 + Level 4.1 Fighting
 + Level 4.5 Dodging
 + Level 4.8 Stealth
 + Level 3.0 Unarmed Combat
 * Level 6.1 Spellcasting
 * Level 6.2 Conjurations
 * Level 6.3 Fire Magic


You had 13 spell levels left.
You knew the following spells:

 Your Spells              Type           Power      Damage    Failure   Level
a - Foxfire               Conj/Fire      100%       2x1d9     1%          1
b - Scorch                Fire           66%        2d7       1%          2
c - Flame Wave            Conj/Fire      32%        2d9       7%          4

Your spell library contained the following spells:

 Spells                   Type           Power      Damage    Failure   Level
 Freeze                   Ice            24%        1d4       10%         1
 Shock                    Conj/Air       76%        1d7       2%          1
 Hailstorm                Conj/Ice       19%        3d6       8%          3
 Inner Flame              Hex/Fire       19%        N/A       8%          3
 Stone Arrow              Conj/Erth      38%        3d9       8%          3
 Volatile Blastmotes      Fire/Tloc      38%        2d13      8%          3
 Sandblast                Erth           12%        2d6       10%         1
 Ensorcelled Hibernation  Hex/Ice        12%        N/A       14%         2
 Passwall                 Tmut/Erth      5%         N/A       14%         2
 Swiftness                Air            6%         N/A       28%         3
 Airstrike                Air            3%         2d(1-17)  67%         4
 Manifold Assault         Tloc           6%         N/A       67%         4
 Summon Ice Beast         Ice/Summ       6%         N/A       67%         4
 Dispersal                Tloc           3%         N/A       100%        6
 Simulacrum               Ice/Necr       3%         N/A       100%        6
 Disjunction              Tloc           3%         N/A       100%        8


Dungeon Overview and Level Annotations

Branches:
Dungeon (8/15)             Temple (1/1) D:5
   Lair: D:8-11

Altars:
Ashenzari
Cheibriados
Dithmenos
Fedhas
Gozag
Hepliaklqana
Kikubaaqudgha
Makhleb
Okawaru
Qazlal
Ru
Sif Muna
Trog
Uskayaw
Vehumet
Wu Jian
Xom
Yredelemnul

Shops:
D:2 ([:=   D:4 *[([*   D:7 (


Innate Abilities, Weirdness & Mutations

You have a pair of antennae on your head.
You have very sharp fingernails.
You regenerate magic rapidly.


Message History

The wight is heavily damaged.
You finish channelling waves of flame.
The bullfrog closely misses you.
Your Unarmed Combat skill increases to level 3!
Your Spellcasting skill increases to level 6!
An orc comes into view. It is wielding a +0 club.
As you read the scroll labelled GAOS GOPNICIEQ, it crumbles to dust.
You feel strangely unstable.
It was a scroll of teleportation.
The bullfrog hits you.
* * * LOW HITPOINT WARNING * * *
The bullfrog barely misses you.
The orc is engulfed in a cloud of scalding steam.
The bullfrog hits you but does no damage.
Casting: Flame Wave (dangerous; 8% risk of failure)
Confirm with . or Enter, or press ? or * to list all spells.
Casting: Flame Wave (dangerous; 8% risk of failure)
Press: ? - help, Dir - look around, f - activate A wave of flame ripples out!
The flame wave engulfs the orc!
You kill the orc!
Vehumet accepts your kill.
You feel your power returning.
The flame wave engulfs the bullfrog!
You kill the bullfrog!
Vehumet accepts your kill.
You feel your power returning. (Press . to intensify the flame waves.)
The orc is engulfed in a cloud of scalding steam.
You kill the orc!
Vehumet accepts your kill.
An orc comes into view. It is wielding a +0 hand axe.
An orc priest comes into view. It is wielding a +0 dagger.
A wave of flame ripples out!
The flame wave engulfs the orc!
You kill the orc!
Vehumet accepts your kill.
You feel your power returning.
The flame wave engulfs the wight but does no damage.
The wight is almost destroyed.
The flame wave engulfs the wight.
The wight is severely damaged.
You feel yourself speed up.
The wight hits you with a +5 great sword of freezing!!
You die...

.#. ... #### ..#
... ,...
###o#####.###
#.§...#.o8..#
#.#.§§.)#.....#.
...§§§§@F8c8.8..
..#.)§.z#z....#.
#...).#..8..#
###.#####.###
... ... .... (.#
.... ... #...
.#.


You could see a bullfrog, a centaur, 2 wights, an orc priest and an orc.

Vanquished Creatures
  A hornet (D:8)
  Grinder (D:6)
  Prince Ribbit (D:6)
  Eustachio (D:6)
  Menkaure (D:6)
  Duvessa (D:6)
  2 sky beasts
  A black bear (D:7)
  An ice beast (D:7)
  2 kobold brigands
  2 centaurs (D:5)
  A phantom (D:7)
  A bullfrog (D:8)
  Blork the orc (D:5)
  4 scorpions
  6 wights
  6 killer bees (D:7)
  2 howler monkeys
  4 hounds
  A gnoll bouda (D:4)
  A jelly (D:5)
  2 sleepcaps
  4 iguanas
  4 orc wizards
  Robin (D:3)
  6 gnolls
  2 adders
  3 shadow imps (D:4)
  3 white imps (D:4)
  4 ufetubi
  2 dart slugs
  15 orcs
  8 bats
  4 endoplasms
  5 giant cockroaches
  21 goblins
  10 hobgoblins
  3 jackals (D:3)
  6 quokkas
  3 ball pythons
  8 frilled lizards
  16 kobolds
  4 rats
175 creatures vanquished.

Vanquished Creatures (others)
  548 foxfires
548 creatures vanquished.

Grand Total: 723 creatures vanquished

Notes
Turn   | Place    | Note
-------+----------+-------------------------------------------
     0 | D:1      | arthad the Demonspawn Fire Elementalist began the quest for
                  | the Orb.
     0 | D:1      | Reached XP level 1. HP: 13/13 MP: 3/3
   247 | D:1      | Discovered your monstrous ancestry.
   247 | D:1      | Gained mutation: You have a pair of small antennae on your
                  | head. [demonic ancestry]
   247 | D:1      | Reached XP level 2. HP: 19/19 MP: 3/5
  1136 | D:1      | Learned a level 2 spell: Scorch
  1209 | D:2      | Gained mutation: You have sharp fingernails. [demonic
                  | ancestry]
  1209 | D:2      | Reached XP level 3. HP: 24/24 MP: 2/6
  1251 | D:2      | Found Hubao's Weapon Shoppe.
  1294 | D:2      | You fall into a shaft and drop 2 floors!
  1348 | D:4      | Noticed a scorpion
  1850 | D:2      | Found Ushriamukk's Armour Shop.
  1937 | D:2      | Found Lutehy's Jewellery Boutique.
  2071 | D:2      | Found Fulug's Book Shoppe.
  2616 | D:3      | Found a sacrificial altar of Ru.
  2616 | D:3      | Found an iron altar of Okawaru.
  2752 | D:3      | Reached XP level 4. HP: 30/30 MP: 4/7
  2922 | D:3      | Noticed Robin
  2933 | D:3      | Killed Robin
  3169 | D:4      | Found Dipnasu's General Store.
  3234 | D:4      | Found Dumemuig's Antique Armour Emporium.
  3480 | D:4      | Gained mutation: You regenerate magic rapidly. [demonic
                  | ancestry]
  3480 | D:4      | Reached XP level 5. HP: 36/36 MP: 4/9
  3529 | D:4      | Reached skill level 1 in Fighting
  3529 | D:4      | Gained mutation: You have very sharp fingernails. [demonic
                  | ancestry]
  3529 | D:4      | Reached XP level 6. HP: 37/43 MP: 0/10
  3622 | D:4      | Found Ageips's General Store.
  3641 | D:4      | Found Rem Dusy's Antique Weapon Shoppe.
  3645 | D:4      | Found Ilexe's Antique Armour Boutique.
  3997 | D:4      | Found a stormy altar of Qazlal.
  3997 | D:4      | Noticed a sky beast
  4064 | D:4      | Learned a level 4 spell: Flame Wave
  4074 | D:4      | Killed a sky beast
  4249 | D:4      | Gained mutation: You have a pair of antennae on your head.
                  | [demonic ancestry]
  4249 | D:4      | Reached XP level 7. HP: 45/49 MP: 3/12
  4441 | D:5      | Entered Level 5 of the Dungeon
  4464 | D:5      | Noticed Blork the orc
  4715 | D:5      | Killed Blork the orc
  4979 | D:5      | Reached skill level 1 in Unarmed Combat
  4979 | D:5      | Reached XP level 8. HP: 57/57 MP: 7/14
  5050 | D:5      | Found a staircase to the Ecumenical Temple.
  5073 | Temple   | Entered the Ecumenical Temple
  5092 | Temple   | Became a worshipper of Vehumet
  5260 | D:6      | Noticed Duvessa
  5260 | D:6      | Noticed Dowan
  5264 | D:6      | Dowan changed into Dowan the gnoll
  5264 | D:6      | Noticed Dowan
  5265 | D:6      | Killed Dowan the gnoll
  5272 | D:6      | Killed Duvessa
  5369 | D:6      | Noticed Menkaure
  5380 | D:6      | Killed Menkaure
  5557 | D:6      | Noticed Grinder
  5562 | D:6      | Killed Grinder
  5563 | D:6      | Reached skill level 5 in Fire Magic
  5759 | D:6      | Reached skill level 5 in Spellcasting
  5803 | D:6      | Noticed Eustachio
  5812 | D:6      | Killed Eustachio
  5813 | D:6      | Reached skill level 5 in Conjurations
  6041 | D:6      | Noticed Prince Ribbit
  6044 | D:6      | Killed Prince Ribbit
  6045 | D:6      | Reached XP level 9. HP: 64/64 MP: 3/16
  6563 | D:7      | Found an ornate altar of the Wu Jian Council.
  6563 | D:7      | Found a burning altar of Makhleb.
  6564 | D:7      | Found an ancient bone altar of Kikubaaqudgha.
  6580 | D:7      | Reached * piety under Vehumet
  6580 | D:7      | Offered knowledge of Freeze by Vehumet.
  6861 | D:7      | Found Bagril's Antique Weapon Shoppe.
  6890 | D:7      | Found a shadowy altar of Dithmenos.
  7156 | D:2      | Bought an amulet of magic regeneration for 360 gold pieces
  7386 | D:8      | Slain by a wight

Illustrated notes

Levels and vault maps discovered:
D:1:      mrwooster_arrival_statue_2, layout_loops_cross, roderic_lattice_a
D:2:      layout_rooms, serial_shops, shop, nicolae_shop_peninsula, shop,
          nicolae_shop_just_a_little_nook
D:3:      kennysheep_goblin_castle, layout_loops_ring,
          gammafunk_temple_overflow_statue
D:4:      layout_gridville, nicolae_qazlal_beasts_of_the_sky, serial_demonic,
          serial_demonic_g, serial_demonic_f, serial_demonic_a,
          serial_demonic_e, serial_shops, nicolae_shop_just_a_little_nook, shop,
          nicolae_shop_dealshenge, nicolae_shop_overgrown_old_shop,
          nicolae_stop_n_shop_2
D:5:      layout_rooms, minmay_temple_entry_mist, uniq_blork_the_orc
D:6:      layout_basic, uniq_menkaure, uniq_eustachio, uniq_grinder,
          uniq_duvessa, uniq_prince_ribbit1
D:7:      layout_cave_pools, nicolae_overflow_quartered_altars, serial_shops,
          shop
D:8:      layout_loops_corners, grunt_temple_overflow_open,
          minmay_chambers_of_fives
Temple:   nicolae_temple_god_jail

Skill      XL: |  1  2  3  4  5  6  7  8  9 |
---------------+----------------------------+-----
Stealth        | 2 3 4 |  4.8
Dodging        | 2 3 4 |  4.5
Fire Magic     | 3 4 5 6 |  6.3
Conjurations   | 2 3 4 5 6 |  6.2
Spellcasting   | 3 4 5 6 |  6.1
Fighting       | 1 2 3 4 |  4.1
Unarmed Combat | 1 2 3 |  3.0

Action                     |  1- 3 |  4- 6 |  7- 9 || total
---------------------------+-------+-------+-------++-------
  Melee: Unarmed           |       |     4 |     5 ||     9
         Punch             |       |       |     1 ||     1
  Throw: Dart              |       |     3 |     1 ||     4
   Cast: Foxfire           |    89 |    96 |   136 ||   321
         Scorch            |       |     8 |    34 ||    42
         Flame Wave        |       |       |    16 ||    16
  Evoke: Wand              |       |       |     6 ||     6
    Use: Potion            |       |       |     3 ||     3
         Scroll            |       |       |     1 ||     1
 Armour: Robe              |     7 |     7 |     3 ||    17
  Dodge: Dodged            |    15 |    27 |    45 ||    87

Table legend: (Time is in decaauts)
 A = Elapsed time spent in this place.
 B = Non-inter-level travel time spent in this place.
 C = Inter-level travel time spent in this place.
 D = Time resting spent in this place.
 E = Time spent auto-exploring this place.
 F = Levels seen in this place.
 G = Mean time per level.
                   A        B        C        D        E       F      G
               +--------+--------+--------+--------+--------+-----+--------+
         Total |   7395 |   6945 |    450 |    381 |   5369 |   9 |  821.7 |
       Dungeon |   7358 |   6942 |    416 |    381 |   5369 |   8 |  919.8 |
        Temple |     36 |      2 |     34 |      0 |      0 |   1 |   36.0 |
               +--------+--------+--------+--------+--------+-----+--------+

Top non-repeatable levels by time:
     D:4: 1477 daAuts
     D:3: 1297 daAuts
     D:1: 1169 daAuts
     D:6: 1069 daAuts
     D:7: 734 daAuts
     D:5: 733 daAuts
     D:2: 727 daAuts
     D:8: 149 daAuts
  Temple: 36 daAuts
